 Dungeon Crawl Stone Soup version 0.23.0 (webtiles) character file.

Game seed: 13371526941316215486

25931 iano21 the Markscentaur (level 12, -1/111 HPs)
             Began as a Centaur Hunter on Feb 19, 2019.
             Killed by divine providence
             ... invoked by Saint Roka
              (13 damage)
             ... on level 2 of the Orcish Mines.
             The game lasted 00:48:19 (14387 turns).

iano21 the Markscentaur (Centaur Hunter)           Turns: 14387, Time: 00:48:20

Health: -1/111     AC: 22    Str: 22 (24) XL:     12   Next: 93%
Magic:  12/12      EV:  9    Int:  9 (10) God:
Gold:   1201       SH:  0    Dex:  8 (11) Spells: 11/11 levels left

rFire    . . .     SeeInvis .   a - +0 longbow (flame)
rCold    . . .     Gourm    .   (shield currently unavailable)
rNeg     . . .     Faith    .   s - +2 plate armour {rPois}
rPois    +         Spirit   .   (no helmet)
rElec    .         Reflect  .   m - +1 cloak
rCorr    .         Harm     .   M - +2 pair of gloves
MR       .....                  (no barding)
Stlth    ..........             L - amulet of the acrobat
HPRegen  0.28/turn              t - +4 ring of protection
MPRegen  0.13/turn              l - +3 ring of evasion

@: mighty, very quick
A: large, hooves 3, deformed body, speed 2, tough skin 3
a: no special abilities


You were on level 2 of the Orcish Mines.
You were not hungry.

You visited 2 branches of the dungeon, and saw 14 of its levels.
You also visited: Ossuary.

You collected 1489 gold pieces.
You spent 288 gold pieces at shops.

Inventory:

Hand Weapons
 a - a +0 longbow of flaming (weapon)
 b - a +4 long sword
 j - a +1 rapier of venom
 p - a +1 scimitar of freezing
 r - a +4 dagger of chaos
 y - a +4 shortbow of freezing
Missiles
 g - 3 arrows (quivered)
Armour
 i - a +2 pair of boots
 m - a +1 cloak (worn)
 s - a +2 plate armour of poison resistance (worn)
 x - a +2 chain mail of fire resistance
 K - a +0 buckler
 M - a +2 pair of gloves (worn)
 Q - a scarf of cloud immunity
Jewellery
 l - a +3 ring of evasion (right hand)
 t - a +4 ring of protection (left hand)
 z - an uncursed ring of stealth
 I - an uncursed ring of protection from fire
 L - an amulet of the acrobat (around neck)
Wands
 H - a wand of flame (12)
 P - a wand of clouds (5)
 R - a wand of scattershot (5)
 U - a wand of enslavement (11)
 Y - a wand of digging (5)
 Z - a wand of iceblast (2)
Scrolls
 d - 3 scrolls of remove curse
 e - 3 scrolls of teleportation
 D - 2 scrolls of magic mapping
 V - a scroll of blinking
 W - a scroll of fog
Potions
 c - a potion of heal wounds
 k - a potion of agility
 n - 4 potions of might
 q - 4 potions of lignification
 u - 7 potions of curing
 A - 4 potions of cancellation
 F - a potion of brilliance
 G - 2 potions of haste
Comestibles
 f - 24 rations


   Skills:
 + Level 11.7 Fighting
 - Level 1.3(1.5) Short Blades
 + Level 0.6(1.1) Long Blades
   Level 0.1 Polearms
 + Level 18.2 Bows
 * Level 6.7 Armour
 * Level 5.9 Dodging
 - Level 0.4 Stealth


You had 11 spell levels left.
You didn't know any spells.
Your spell library contained the following spells:

 Spells                   Type           Power        Failure   Level  Hunger
 Apportation              Tloc           #.....       100%        1    ##.....
 Summon Butterflies       Summ           #.......     100%        1    ##.....
 Lesser Beckoning         Tloc           #.........   100%        3    ####...
 Tukima's Dance           Hex            #.......     100%        3    ####...
 Alistair's Intoxication  Tmut/Pois      #.......     100%        5    ######.
 Invisibility             Hex            #.......     100%        6    #######


Dungeon Overview and Level Annotations

Branches:
Dungeon (12/15)              Lair (0/6) D:9             Orc (2/2) D:12
    Elf (0/3) Orc:2
 Temple: D:4-7

Altars:
Fedhas
Gozag
Nemelex Xobeh
Zin
Beogh

Shops:
D:4 }   D:8 *%!   Orc:2 [(

Annotations:
D:4 2 runed translucent doors
D:9 1 exclusion
Orc:2 Saint Roka


Innate Abilities, Weirdness & Mutations

You have hooves in place of feet.
Armour fits poorly on your strangely shaped body.
You cover ground very quickly.
You have extremely tough skin. (AC +3)


Message History

Firing (i - inventory)
g - 5 arrows (quivered)
Press: ? - help, Shift-Dir - straight line, f/p - Saint Roka
Aim: Saint Roka, wielding a +1 battleaxe of chopping and wearing a +3 plate armour of fire resistance (severely wounded)
You shoot an arrow.
The arrow hits Saint Roka but does no damage.
Saint Roka is severely wounded.
Saint Roka mumbles some strange prayers to Beogh against you.
Beogh smites you!
* * * LOW HITPOINT WARNING * * *
Saint Roka mumbles some strange prayers to Beogh against you.
Beogh smites you!
* * * LOW HITPOINT WARNING * * *
Firing (i - inventory)
g - 4 arrows (quivered)
Press: ? - help, Shift-Dir - straight line, f/p - Saint Roka
Aim: Saint Roka, wielding a +1 battleaxe of chopping and wearing a +3 plate armour of fire resistance (severely wounded)
You shoot an arrow. The arrow hits Saint Roka.
The arrow burns Saint Roka.
Saint Roka is severely wounded.
Saint Roka invokes the aid of Beogh against you.
Beogh smites you!
You die...

##.........).......##
#.........(..(((....#
##..............(.#..
###...(...#.....((..
##....o..............
#.........####.(.....
##........#._#....(..
#.....[[.#..#.......
##.@.....#..#.......
##...#...#..#.......
##.......)##)#.......
#..................#.
##.......<...........
##..#........).......
#....................
#....................
##..#.......#.......)


You could see Saint Roka.

Vanquished Creatures
  Gastronok (D:9)
  2 orc warlords (Orc:1)
  A hydra (D:12)
  2 two-headed ogres
  An orc high priest (Orc:1)
  Nergalle (D:11)
  2 unseen horrors
  A deep elf archer (Orc:1)
  3 deep elf magi
  An orc knight (Orc:2)
  An ugly thing (D:11)
  2 orc sorcerers
  A centaur zombie (D:11)
  Maurice (D:9)
  Psyche (D:11)
  5 trolls
  4 hippogriffs
  A shadow (D:12)
  3 yaks (D:10)
  A spriggan (D:7)
  2 wraiths
  3 hungry ghosts
  An acid dragon (D:12)
  6 wargs
  A black bear (D:8)
  38 orc warriors
  2 ice beasts
  3 sky beasts
  3 phantoms
  An eye of draining (D:12)
  6 centaurs
  6 ogres
  3 bullfrogs
  7 killer bees
  4 scorpions
  2 troll zombies (D:12)
  7 wights
  A howler monkey (D:10)
  6 crimson imps
  5 hounds
  3 bullfrog zombies
  2 bullfrog skeletons
  A jelly (D:5)
  26 orc priests
  A centaur skeleton (D:7)
  7 iguanas
  Terence (D:2)
  13 worker ants
  Natasha (D:2)
  23 orc wizards
  6 ogre zombies (D:12)
  3 hound skeletons
  A hound zombie (D:5)
  2 mummies
  A worker ant zombie (D:9)
  3 gnolls (D:3)
  11 adders
  5 shadow imps
  An ooze (D:7)
  An adder skeleton (D:8)
  4 worms
  2 dart slugs
  9 leopard geckos
  86 orcs
  9 bats
  7 giant cockroaches
  9 goblins
  9 hobgoblins
  14 jackals
  7 kobolds
  3 quokkas
  A ball python (D:7)
  7 frilled lizards
  5 gnoll skeletons (Ossuary)
  2 goblin skeletons (D:12)
  5 goblin zombies
  6 hobgoblin skeletons (D:12)
  4 hobgoblin zombies
  7 kobold skeletons (Ossuary)
  A leopard gecko skeleton (D:4)
  15 orc skeletons
  8 orc zombies (D:12)
  A quokka zombie (D:9)
  9 rats
484 creatures vanquished.

Notes
Turn   | Place    | Note
-------+----------+-------------------------------------------
     0 | D:1      | iano21 the Centaur Hunter began the quest for the Orb.
     0 | D:1      | Reached XP level 1. HP: 17/17 MP: 1/1
   301 | D:1      | Reached XP level 2. HP: 24/24 MP: 2/2
   321 | D:1      | Reached skill level 6 in Bows
   814 | D:2      | Reached XP level 3. HP: 29/29 MP: 3/3
   921 | D:2      | Noticed Terence
   937 | D:2      | Killed Terence
   937 | D:2      | Reached skill level 7 in Bows
  1370 | D:2      | Reached XP level 4. HP: 36/36 MP: 4/4
  1537 | D:2      | Reached skill level 1 in Short Blades
  1605 | D:2      | Noticed Natasha
  1619 | D:2      | Killed Natasha
  2010 | D:3      | Reached XP level 5. HP: 41/42 MP: 5/5
  2090 | D:3      | Noticed a centaur
  2095 | D:3      | Killed a centaur
  2095 | D:3      | Reached skill level 8 in Bows
  2488 | D:3      | Reached XP level 6. HP: 30/50 MP: 6/6
  2719 | D:3      | Reached skill level 9 in Bows
  2814 | D:3      | Found a faded altar of an unknown god.
  2898 | D:4      | Found a large runed translucent door.
  2899 | D:4      | Found a large runed translucent door.
  2904 | D:4      | Noticed a sky beast
  2927 | D:4      | Killed a sky beast
  2949 | D:4      | Found a large runed translucent door.
  2949 | D:4      | Found a large runed translucent door.
  2993 | D:4      | Reached skill level 10 in Bows
  2993 | D:4      | Reached XP level 7. HP: 30/57 MP: 7/7
  3221 | D:4      | Found a sand-covered staircase.
  3231 | Ossuary  | Entered an ossuary
  3231 | Ossuary  | Noticed a wraith
  3231 | Ossuary  | Noticed a wraith
  3231 | Ossuary  | Noticed a wraith
  3295 | Ossuary  | Noticed a wraith
  3408 | Ossuary  | Killed a wraith
  3408 | Ossuary  | Reached skill level 1 in Armour
  3736 | D:4      | Found Nadoggul's Gadget Boutique.
  4229 | D:5      | Entered Level 5 of the Dungeon
  4234 | D:4      | Reached skill level 11 in Bows
  4393 | D:5      | Reached XP level 8. HP: 66/66 MP: 8/8
  4594 | D:5      | Reached skill level 12 in Bows
  4859 | D:6      | Found a blossoming altar of Fedhas.
  5094 | D:6      | Reached skill level 13 in Bows
  5573 | D:7      | Reached XP level 9. HP: 72/72 MP: 9/9
  5625 | D:7      | Reached skill level 14 in Bows
  5839 | D:7      | Reached skill level 5 in Fighting
  6423 | D:8      | Found Geqypha's Distillery.
  6430 | D:8      | Bought a potion of curing for 36 gold pieces
  6430 | D:8      | Bought a potion of curing for 36 gold pieces
  6430 | D:8      | Bought a potion of curing for 36 gold pieces
  6572 | D:8      | Found Movin's Food Shop.
  6850 | D:8      | Reached skill level 15 in Bows
  6854 | D:8      | Found Fialasmo's Assorted Antiques.
  6869 | D:8      | Bought a scroll of enchant armour for 180 gold pieces
  6958 | D:8      | Found an opulent altar of Gozag.
  7405 | D:9      | Reached XP level 10. HP: 78/84 MP: 10/10
  7419 | D:9      | Noticed a two-headed ogre
  7432 | D:9      | Killed a two-headed ogre
  7445 | D:9      | Found a staircase to the Lair.
  7474 | D:9      | Noticed Gastronok
  7524 | D:9      | Killed Gastronok
  7676 | D:9      | Noticed Maurice
  7680 | D:9      | Killed Maurice
  8196 | D:10     | Entered Level 10 of the Dungeon
  8267 | D:10     | Reached XP level 11. HP: 93/97 MP: 11/11
  8891 | D:10     | You fall through a shaft for 2 floors!
  8892 | D:12     | Noticed a deep elf mage
  8899 | D:12     | Killed a deep elf mage
  8899 | D:12     | Reached skill level 16 in Bows
  8984 | D:12     | Killed an unseen horror
  9128 | D:12     | Found a staircase to the Orcish Mines.
  9222 | D:12     | Found a glowing silver altar of Zin.
  9270 | D:12     | Noticed a seven-headed hydra
  9374 | D:11     | Noticed Nergalle
  9484 | D:11     | Killed Nergalle
  9484 | D:11     | Reached skill level 5 in Armour
  9568 | D:11     | Noticed Psyche
  9573 | D:11     | Killed Psyche
  9997 | D:11     | Noticed a brown ugly thing
 10029 | D:11     | Killed a brown ugly thing
 10103 | D:11     | Reached skill level 10 in Fighting
 10299 | D:11     | Noticed a two-headed ogre
 10305 | D:11     | Killed a two-headed ogre
 10318 | D:10     | Found a sparkling altar of Nemelex Xobeh.
 10510 | D:10     | Killed an unseen horror
 11305 | D:12     | Killed a seven-headed hydra
 11330 | Orc:1    | Entered Level 1 of the Orcish Mines
 11506 | Orc:1    | Reached skill level 17 in Bows
 11506 | Orc:1    | Reached XP level 12. HP: 95/108 MP: 12/12
 11535 | Orc:1    | Noticed an orc warlord
 11799 | Orc:1    | Killed an orc warlord
 11799 | Orc:1    | Reached skill level 5 in Dodging
 12062 | Orc:1    | Noticed an orc warlord
 12068 | Orc:1    | Noticed an orc high priest
 12562 | Orc:1    | Killed an orc warlord
 12670 | Orc:1    | Killed an orc high priest
 12828 | Orc:2    | Entered Level 2 of the Orcish Mines
 12850 | Orc:2    | Found Wodyuxa's Antique Weapon Shoppe.
 13039 | Orc:2    | Found a roughly hewn altar of Beogh.
 13311 | Orc:2    | Found a staircase to the Elven Halls.
 13326 | Orc:2    | Found a roughly hewn altar of Beogh.
 13419 | Orc:2    | Found a roughly hewn altar of Beogh.
 13430 | Orc:2    | Paralysed by an orc sorcerer for 2 turns
 13436 | Orc:2    | Found Linnyina's Antique Armour Shoppe.
 13507 | Orc:2    | Reached skill level 18 in Bows
 13516 | Orc:2    | Noticed Saint Roka
 14387 | Orc:2    | Killed from afar by Saint Roka

Skill      XL: |  1  2  3  4  5  6  7  8  9 10 11 12 |
---------------+-------------------------------------+-----
Bows           | 6 7 8 10 11 13 15 17 18 | 18.2
Short Blades   | 1 |  1.3
Fighting       | 3 4 6 9 10 11 | 11.7
Armour         | 1 3 5 6 |  6.7
Dodging        | 2 3 4 5 |  5.9
Long Blades    | |  0.6
Polearms       | |  0.1
Stealth        | |  0.4

Action                   |  1- 3 |  4- 6 |  7- 9 | 10-12 || total
-------------------------+-------+-------+-------+-------++-------
Melee: Short sword       |    17 |    39 |       |       ||    56
       Kick              |     3 |    10 |     3 |     2 ||    18
       Spear             |       |     2 |       |       ||     2
       Long sword        |       |       |     4 |     2 ||     6
       Shortbow          |       |       |     1 |     2 ||     3
 Fire: Shortbow          |   120 |   144 |   493 |   780 ||  1537
       Longbow           |       |       |       |   310 ||   310
  Use: Scroll            |     3 |    10 |     9 |    10 ||    32
       Potion            |     3 |       |       |    14 ||    17
  Eat: Chunk             |       |     5 |     8 |     8 ||    21
       Ration            |       |       |     1 |     3 ||     4
Armor: Scale mail        |     6 |       |       |       ||     6
       Chain mail        |    54 |    59 |    61 |   144 ||   318
       Plate armour      |       |       |       |    22 ||    22
Dodge: Dodged            |    26 |    39 |    54 |   127 ||   246
